cohdb
Replays
Latest Replays
All Replays
Popular Replays
Top Player Replays
Match Explorer
How It Works
Community
CoH3 Stats
Reddit
Sign in to upload your games and track your stats! →
Sign in with Steam
Match 37499204
Unlisted
Match 37499204
Overview
Messages
Build Orders
End
Construct Barracks
Riflemen Squad
Selects Armored Battlegroup
Selects Veteran Crews
Riflemen Squad
Construct Weapon Support Center
M1919 Machine Gun Team
Grenade Package
Construct Medical Station
Selects Fast Deploy
Infantry Support Center
Advanced Logistics
Bazooka Squad
Selects M8 Scott SPG
M8 Scott SPG
Engineer Squad
Construct Tank Depot
Selects UNKNOWN (2160077)
Selects M31 Recovery Vehicle
Riflemen Squad
M4A3E8 Sherman Easy Eight
M31 Recovery Vehicle
M1918 Browning Automatic Rifles
M4A3E8 Sherman Easy Eight
M4A3E8 Sherman Easy Eight
broodwarjc
Mr. Knister
Lars
SvenSvin
0
0
Comments
sign in to comment!
No comments posted yet!